 Dungeon Crawl Stone Soup version 0.28-a0-1312-g71652a0310 (webtiles) character file.

Game seed: 6945739366317734745

6424 bearlyready the Fencer (level 10, -7/84 HPs)
             Began as a Minotaur Cinder Acolyte on Dec 27, 2021.
             Was a Follower of Ignis.
             Mangled by a white ugly thing (11 damage)
             ... on level 11 of the Dungeon.
             The game lasted 00:12:42 (11594 turns).

bearlyready the Fencer (Minotaur Cinder Acolyte)   Turns: 11594, Time: 00:12:43

Health: -7/84      AC:  7    Str: 21 (24) XL:     10   Next: 67%
Magic:  10/10      EV: 10    Int:  8 (9)  God:    Ignis [*.....]
Gold:   591        SH:  0    Dex:  5 (7)  Spells: 11/11 levels left

rFire   + . .      SeeInvis .   v - +0 great sword
rCold   . . .      Faith    .   (shield currently unavailable)
rNeg    . . .      Spirit   .   n - +0 scale mail
rPois   +          Reflect  .   (helmet restricted)
rElec   .          Harm     .   (no cloak)
rCorr   .          Rampage  .   (no gloves)
Will    +....                   (no boots)
Stlth   ..........              (no amulet)
HPRegen 0.24/turn               (no ring)
MPRegen 0.12/turn               (no ring)

@: no status effects
A: horns 2, retaliatory headbutt, thin skeletal structure 1, dopey 1,
strong-willed 1, poison resistance
a: Renounce Religion, Fiery Armour, Foxfire Swarm


You were on level 11 of the Dungeon.
You worshipped Ignis.
Ignis was aware of your devotion.
You visited 2 branches of the dungeon, and saw 12 of its levels.

You collected 591 gold pieces.

Inventory:

Hand Weapons
 a - a -1 falchion of flaming
 u - a +0 arbalest
 v - a +0 great sword (weapon)
Missiles
 d - 225 stones (quivered)
 s - 62 sling bullets
 w - 59 bolts
Armour
 b - a +0 robe
 n - a +0 scale mail (worn)
 A - +0 steam dragon scales
Wands
 j - a wand of iceblast (13)
 z - a wand of paralysis (5)
Scrolls
 c - 6 scrolls of identify {unknown}
 f - 3 scrolls of teleportation
 g - 2 scrolls of fog {unknown}
 h - a scroll of blinking
 k - 2 scrolls of noise
 m - 3 scrolls of brand weapon {unknown}
 p - 2 scrolls of magic mapping {unknown}
 r - 2 scrolls of amnesia {unknown}
Potions
 e - 2 potions of mutation
 i - a potion of curing {unknown}
 l - a potion of haste {unknown}
 o - a potion of lignification {unknown}
 t - a potion of flight {unknown}
 x - a potion of degeneration


   Skills:
 + Level 6.6 Fighting
 + Level 16.7 Long Blades
 - Level 1.1 Throwing
 + Level 5.3 Armour
 + Level 4.8 Dodging
 - Level 1.0 Spellcasting
 - Level 2.1 Fire Magic


You had 11 spell levels left.
You didn't know any spells.
Your spell library contained the following spells:

 Spells                   Type           Power      Damage    Failure   Level
 Scorch                   Fire           6%         2d5       52%         2
 Foxfire                  Conj/Fire      8%         2x1d4     54%         1
 Magic Dart               Conj           0%         1d3       69%         1
 Slow                     Hex            0%         N/A       69%         1
 Summon Small Mammal      Summ           0%         N/A       69%         1
 Call Imp                 Summ           0%         N/A       83%         2
 Passwall                 Tmut/Erth      0%         N/A       83%         2
 Call Canine Familiar     Summ           0%         N/A       96%         3
 Confusing Touch          Hex            0%         N/A       96%         3
 Mephitic Cloud           Conj/Pois/Air  0%         N/A       96%         3
 Summon Guardian Golem    Hex/Summ       0%         N/A       96%         3
 Swiftness                Air            0%         N/A       96%         3
 Vampiric Draining        Necr           0%         2d6       96%         3
 Animate Dead             Necr           0%         N/A       100%        4
 Starburst                Conj/Fire      1%         6d3       100%        6


Dungeon Overview and Level Annotations

Branches:
Dungeon (11/15)            Temple (1/1) D:4
   Lair: D:8-11         Orc: D:9-12

Altars:
Ashenzari
Cheibriados
Dithmenos
Elyvilon
Fedhas
Gozag
Kikubaaqudgha
Makhleb
Nemelex Xobeh
Okawaru
Qazlal
Ru
Sif Muna
Trog
Uskayaw
Vehumet
Wu Jian
Xom
Yredelemnul
Zin
The Shining One

Shops:
D:1 =

Annotations:
D:11 3 runed translucent doors, rogsnak's ghost, journeyman DsAE


Innate Abilities, Weirdness & Mutations

You have a pair of horns on your head.
You reflexively headbutt those who attack you in melee.
You have a somewhat thin skeletal structure. (Dex +2, Stealth+)
You are dopey. (Int -2)
You are strong-willed. (Will+)
Your system is resistant to poisons. (rPois)


Message History

Aim: a yak (severely wounded, very poisoned, slow, 67% to hit)
You throw a curare-tipped dart. The curare-tipped dart hits the yak.
The yak looks as sick as possible!
The yak convulses.
The yak seems to be slow for longer.
The yak is almost dead.
The yak bellows!
A yak comes into view.
You kill the yak!
Found a scroll labelled OJENI NYCY.
The yak is no longer moving slowly.
Throw: 226 stones
Press: ? - help, Q - select action, (/) - cycle Shift-Dir - straight line, f - yak
Aim: a yak (almost dead, poisoned, 67% to hit)
You throw a stone.
The stone hits the yak but does no damage.
The yak is almost dead.
Found 16 poisoned darts.
A komodo dragon comes into view.
The komodo dragon hisses angrily.
An orc warrior comes into view. It is wielding a +0 battleaxe.
The yak gores you.
* * * LOW HITPOINT WARNING * * *
You see here 16 poisoned darts.
As you read the scroll of teleportation, it crumbles to dust.
You feel strangely unstable. The yak gores you!
* * * LOW HITPOINT WARNING * * *
You feel a bit more experienced.
You feel your intelligence returning.
Your surroundings suddenly seem different.
A white ugly thing comes into view.
Found a potion of heal wounds.
The white ugly thing gurgles horribly!
You slice the white ugly thing!! You headbutt the white ugly thing.
The white ugly thing is heavily wounded.
The white ugly thing tentacle-slaps you but does no damage.
Found 4 javelins.
You slash the white ugly thing!
The white ugly thing is heavily wounded.
The white ugly thing tentacle-slaps you!
You die...

##.... ...
(.... ....
.... .... ...
.....
..###.....
..#...... #.
#........
#...##@.......
#....u.##....
#!.....# .
#........
#.....###..
......## ...
....... ..
...###. . ..#
#.


You could see a white ugly thing.

Vanquished Creatures
  A two-headed ogre (D:6)
  2 centaur zombies
  Maggie (D:9)
  A gargoyle (D:10)
  A hornet (D:9)
  A shadow (D:7)
  A wyvern (D:8)
  3 yaks (D:11)
  Eustachio (D:5)
  A basilisk (D:11)
  Edmund (D:5)
  2 water moccasins
  2 orc warriors
  2 ice beasts
  4 sky beasts
  A black bear (D:4)
  2 necrophages
  4 centaurs
  2 kobold brigands (D:9)
  6 scorpions
  A bullfrog (D:7)
  A wyvern zombie (D:7)
  A water moccasin zombie (D:6)
  2 water moccasin skeletons
  A killer bee (D:10)
  5 wights
  7 orc priests
  7 hounds
  A bullfrog skeleton (D:5)
  2 jellies (D:5)
  A centaur skeleton (D:7)
  8 orc wizards
  2 iguanas
  A killer bee zombie (D:8)
  2 hound skeletons
  2 howler monkey zombies
  4 adders
  A shadow imp (D:5)
  2 white imps
  An ufetubus (D:5)
  An adder skeleton (D:4)
  A worm (D:2)
  2 dart slugs (D:3)
  29 orcs
  10 ball pythons
  5 bats
  3 endoplasms
  A giant cockroach (D:1)
  8 hobgoblins
  4 quokkas
  5 frilled lizards
  6 goblins
  12 kobolds
  5 rats
183 creatures vanquished.

Vanquished Creatures (others)
  88 foxfires
  25 plants
113 creatures vanquished.

Grand Total: 296 creatures vanquished

Notes
Turn   | Place    | Note
-------+----------+-------------------------------------------
     0 | D:1      | bearlyready the Minotaur Cinder Acolyte began the quest for
                  | the Orb.
     0 | D:1      | Reached XP level 1. HP: 19/19 MP: 1/1
   184 | D:1      | Reached skill level 4 in Long Blades
   204 | D:1      | Found Bapluteu's Jewellery Shop.
   210 | D:1      | Reached XP level 2. HP: 25/26 MP: 2/2
   883 | D:2      | Reached skill level 5 in Long Blades
   883 | D:2      | Reached XP level 3. HP: 30/31 MP: 3/3
   893 | D:2      | Found a faded altar of an unknown god.
  1711 | D:3      | Gained mutation: You are strong-willed. (Will+) [potion of
                  | mutation]
  1711 | D:3      | Gained mutation: You are dopey. (Int -2) [potion of
                  | mutation]
  1711 | D:3      | Gained mutation: Your system is resistant to poisons.
                  | (rPois) [potion of mutation]
  1711 | D:3      | Gained mutation: You have a somewhat thin skeletal
                  | structure. (Dex +2, Stealth+) [potion of mutation]
  1715 | D:3      | Reached skill level 6 in Long Blades
  1715 | D:3      | Reached XP level 4. HP: 3/39 MP: 4/4
  1998 | D:3      | Reached skill level 7 in Long Blades
  1998 | D:3      | Reached XP level 5. HP: 31/45 MP: 5/5
  3147 | D:4      | Reached skill level 8 in Long Blades
  3147 | D:4      | Reached XP level 6. HP: 18/51 MP: 6/6
  3371 | D:4      | Reached skill level 9 in Long Blades
  3441 | D:4      | Noticed an ice beast
  3444 | D:4      | Killed an ice beast
  3534 | D:4      | Found a staircase to the Ecumenical Temple.
  3547 | D:4      | Found a shimmering blue altar of Sif Muna.
  3561 | Temple   | Entered the Ecumenical Temple
  3798 | D:4      | Reached XP level 7. HP: 32/57 MP: 7/7
  4072 | D:4      | Reached skill level 10 in Long Blades
  4408 | D:5      | Entered Level 5 of the Dungeon
  4408 | D:5      | Noticed Eustachio
  4677 | D:5      | Reached skill level 11 in Long Blades
  5013 | D:5      | Reached XP level 8. HP: 64/64 MP: 8/8
  5169 | D:5      | Reached skill level 12 in Long Blades
  5211 | D:5      | Noticed Edmund
  5227 | D:5      | Killed Edmund
  5317 | D:5      | Killed Eustachio
  5634 | D:5      | Found a sacrificial altar of Ru.
  5758 | D:6      | Reached skill level 13 in Long Blades
  5789 | D:6      | Noticed a two-headed ogre
  6170 | D:6      | Killed a two-headed ogre
  6171 | D:6      | Reached skill level 14 in Long Blades
  6171 | D:6      | Reached XP level 9. HP: 67/70 MP: 9/9
  6312 | D:6      | Reached skill level 15 in Long Blades
  6358 | D:6      | Found a radiant altar of Vehumet.
  6467 | D:6      | Found an opulent altar of Gozag.
  6467 | D:6      | Found a broken altar of Ashenzari.
  6651 | D:6      | Got Rupnyi's Disquisition on Twisted Arcane Weapons
  7165 | D:7      | Reached skill level 16 in Long Blades
  7440 | D:7      | Reached skill level 1 in Armour
  7647 | D:8      | Reached skill level 1 in Dodging
  8646 | D:8      | Reached skill level 5 in Fighting
  8646 | D:8      | Reached XP level 10. HP: 62/81 MP: 10/10
  9856 | D:8      | Identified the +5 short sword "Yhiho" {vorpal, Will+ rCorr
                  | Stlth+}
 10663 | D:9      | Found a shimmering altar of Xom.
 10772 | D:9      | Noticed Maggie
 10786 | D:9      | Killed Maggie
 10860 | D:9      | Reached skill level 1 in Throwing
 11396 | D:10     | Entered Level 10 of the Dungeon
 11426 | D:10     | Noticed a gargoyle
 11438 | D:10     | Killed a gargoyle
 11483 | D:10     | Noticed a two-headed ogre
 11505 | D:11     | Reached skill level 5 in Armour
 11517 | D:11     | HP: 2/84 [centaur/arrow (8)]
 11527 | D:11     | HP: 4/84 [gnoll (9)]
 11541 | D:11     | Noticed a sixfirhy
 11541 | D:11     | HP: 4/84 [yak (14)]
 11542 | D:10     | Noticed a two-headed ogre
 11545 | D:10     | You fall into a shaft and drop 1 floor!
 11545 | D:11     | Noticed rogsnak's ghost (journeyman DsAE)
 11545 | D:11     | Found a runed translucent gate.
 11545 | D:11     | Found a runed translucent gate.
 11545 | D:11     | Noticed a tengu reaver
 11545 | D:11     | Noticed a white ugly thing
 11546 | D:11     | Found a runed translucent gate.
 11547 | D:11     | Noticed a cyclops
 11587 | D:11     | HP: 3/84 [yak (7)]
 11591 | D:11     | Noticed a white ugly thing
 11594 | D:11     | Mangled by a white ugly thing

Illustrated notes

Levels and vault maps discovered:
D:1:      minmay_arrival_three_doors, layout_basic, serial_shops, shop,
          minmay_distorted
D:2:      layout_rooms, ebering_ecumenical_altar_box
D:3:      minmay_chambers_of_twos, layout_loops_ring,
          chequers_serial_rivers_small_3
D:4:      layout_basic, led_sif_book, minmay_temple_entry_mist
D:5:      layout_loops_ring, nicolae_ru_path_of_blood, uniq_eustachio,
          uniq_edmund
D:6:      layout_rooms, mainiacjoe_overflow_catwalk,
          gammafunk_temple_overflow_wave, hangedman_abyss_or_decor_lesser_grid
D:7:      layout_gridville
D:8:      layout_layer_cave
D:9:      layout_basic, mainiacjoe_overflow_brackets, uniq_maggie
D:10:     layout_gridville, mainiacjoe_overflow_paths,
          minmay_orc_entry_temple_small, serial_bayou, serial_bayou_pond_e,
          serial_bayou_pond_b, serial_bayou_shore_b, serial_bayou_ford_a,
          serial_bayou_pond_b, serial_bayou_crossing, uniq_erolcha
D:11:     minmay_thick_lines, layout_cave_pools, david_lair_shrubbed,
          gammafunk_ghost_split, lemuel_flame_loot_1, uniq_nergalle
Temple:   regret_index_temple_waves

Skill      XL: |  1  2  3  4  5  6  7  8  9 10 |
---------------+-------------------------------+-----
Long Blades    | 4 5 6 7 8 9 11 14 16 | 16.7
Armour         | 3 5 |  5.3
Dodging        | 2 4 |  4.8
Fighting       | 5 6 |  6.6
Throwing       | 1 |  1.1
Spellcasting   | |  1.0
Fire Magic     | |  2.1

Action                   |  1- 3 |  4- 6 |  7- 9 | 10-12 || total
-------------------------+-------+-------+-------+-------++-------
Melee: Falchion          |   104 |   124 |   272 |       ||   500
       Headbutt          |    14 |    16 |    41 |    14 ||    85
       Great sword       |       |       |    19 |   127 ||   146
Throw: Dart              |       |       |       |     9 ||     9
       Stone             |       |       |       |     1 ||     1
Invok: Foxfire Swarm     |     1 |       |     2 |     3 ||     6
       Rising Flame      |       |       |       |     1 ||     1
       Fiery Armour      |       |       |       |     1 ||     1
Evoke: Wand              |       |       |     2 |     9 ||    11
  Use: Potion            |     2 |       |       |     3 ||     5
       Scroll            |       |       |       |     4 ||     4
 Stab: Sleeping          |       |     1 |       |       ||     1
       Paralysed         |       |       |       |     1 ||     1
Armor: Robe              |    25 |     7 |       |       ||    32
       Scale mail        |       |    19 |    83 |    41 ||   143
Dodge: Dodged            |    40 |    52 |   117 |    54 ||   263

Table legend: (Time is in decaauts)
 A = Elapsed time spent in this place.
 B = Non-inter-level travel time spent in this place.
 C = Inter-level travel time spent in this place.
 D = Time resting spent in this place.
 E = Time spent auto-exploring this place.
 F = Levels seen in this place.
 G = Mean time per level.
                   A        B        C        D        E       F      G
               +--------+--------+--------+--------+--------+-----+--------+
         Total |  11509 |  11147 |    362 |   1653 |   7917 |  12 |  959.1 |
       Dungeon |  11376 |  11040 |    336 |   1653 |   7825 |  11 | 1034.2 |
        Temple |    133 |    107 |     26 |      0 |     92 |   1 |  133.0 |
               +--------+--------+--------+--------+--------+-----+--------+

Top non-repeatable levels by time:
     D:7: 2001 daAuts
     D:8: 1569 daAuts
     D:4: 1368 daAuts
     D:5: 1283 daAuts
     D:2: 1073 daAuts
     D:3: 1028 daAuts
     D:9: 999 daAuts
     D:6: 980 daAuts
     D:1: 875 daAuts
  Temple: 133 daAuts
    D:10: 98 daAuts
    D:11: 97 daAuts
